 Dungeon Crawl Stone Soup version bcrawl-1.21.2-20-g6d45ba5942 (webtiles) character file.

Game seed: 2639720364408220156

673 Mrkan the Spear-Bearer (level 7, 0/56 HPs)
             Began as a Merfolk Monk on Feb 25, 2020.
             Was a Priest of Trog.
             Killed by divine providence
             ... invoked by an orc priest
              (11 damage)
             ... on level 5 of the Dungeon on Feb 26, 2020.
             The game lasted 00:12:07 (6064 turns).

Mrkan the Spear-Bearer (Merfolk Monk)               Turns: 6064, Time: 00:12:08

Health: 0/56       AC:  7    Str: 11    XL:     7   Next: 59%
Magic:  0/8        EV: 14    Int:  9    God:    Trog [***...]
Gold:   371        SH:  0    Dex: 19    Spells: 6/6 levels left

rFire    . . .     SeeInvis .   a - +0 spear
rCold    . . .     Gourm    .   (no shield)
rNeg     . . .     Faith    .   l - +0 ring mail
rPois    .         Spirit   +   j - +1 hat
rElec    +         Reflect  .   q - scarf {cloud immunity}
rCorr    .         Harm     .   x - +0 pair of gloves
MR       .....                  (no boots)
Stlth    ++........             d - amulet of guardian spirit
HPRegen  0.18/turn              m - ring of insulation
MPRegen  0.11/turn              (no ring)

@: lethally poisoned (0 -> -3)
A: change form in water, swift swim, stealthy swim
a: Berserk, Trog's Hand, Renounce Religion


You were on level 5 of the Dungeon.
You worshipped Trog.
Trog was most pleased with you.
You were very hungry.

You visited 1 branch of the dungeon, and saw 5 of its levels.

You collected 371 gold pieces.

Inventory:

Hand Weapons
 a - a +0 spear (weapon)
Armour
 j - a +1 hat (worn)
 l - a +0 ring mail (worn)
 q - a scarf of cloud immunity (worn)
 x - a +0 pair of gloves (worn)
Jewellery
 d - an amulet of guardian spirit (around neck)
 i - a +2 ring of strength {unknown}
 m - a ring of insulation (left hand)
 s - an uncursed ring of flight {unknown}
Scrolls
 b - 2 scrolls of fear {unknown}
 g - 2 scrolls of fog {unknown}
 r - a scroll of remove curse {unknown}
 t - a scroll of enchant armour {unknown}
 u - a scroll of enchant weapon {unknown}
 v - 2 scrolls of teleportation {unknown}
 w - a scroll of amnesia {unknown}
 y - a scroll of noise {unknown}
Potions
 c - 2 potions of mutation
 f - 2 potions of curing
 h - 2 potions of haste
 k - a potion of berserk rage
 n - a potion of degeneration {unknown}
 o - a potion of cancellation {unknown}
 p - a potion of brilliance {unknown}
 z - a potion of agility {unknown}
 A - a potion of lignification {unknown}
Comestibles
 e - 8 rations {!d}


   Skills:
 + Level 5.1 Fighting
 * Level 8.5 Polearms
 + Level 6.1 Dodging
 + Level 4.9 Stealth
   Level 2.1 Invocations


You had 6 spell levels left.
You didn't know any spells.
Your spell library was empty.

Dungeon Overview and Level Annotations

Branches:
Dungeon (5/12)
 Temple: D:4-7

Altars:
Cheibriados
Fedhas
Hepliaklqana
Makhleb
Trog
Xom

Shops:
D:5 (


Message History

The adder barely misses you. The orc wizard completely misses you.
The bullfrog barely misses you.
You hit the bullfrog.
The bullfrog is moderately wounded.
The adder bites you.
* * * LOW HITPOINT WARNING * * *
You are poisoned.
The adder poisons you! The orc wizard barely misses you.
The orc priest closely misses you. The bullfrog barely misses you.
You closely miss the bullfrog.
The bullfrog is moderately wounded.
You feel sick. The adder bites you but does no damage.
The bullfrog barely misses you.
You are feeling very hungry.
You miss the bullfrog.
The bullfrog is moderately wounded.
The orc wizard hits you but does no damage.
The orc priest mumbles some strange prayers to Beogh against you.
Beogh smites you!
You die...

###'### #.....#
#.....# #######
#.....# .......
#.....# .......
#..o..# .......
#.....# ......o#######
#.....# ......S@Fo.oo#
###.###
......o#####o#.####.##
....... #.#.......#
....... #.######o.#
....... #....o....#
....... #########.#
....... .# ....... .#
.#


You could see a bullfrog, 2 orc priests, an orc wizard, an adder and 3 orcs.

Vanquished Creatures
  Sigmund (D:4)
  A scorpion (D:4)
  4 crimson imps (D:4)
  A bullfrog skeleton (D:4)
  4 worker ants
  3 gnolls (D:2)
  5 adders
  An ooze (D:1)
  6 worms
  A dart slug (D:2)
  3 leopard geckos
  14 orcs
  10 bats
  2 giant cockroaches (D:1)
  4 goblins
  14 hobgoblins
  A jackal (D:1)
  9 kobolds
  5 quokkas
  4 frilled lizards (D:2)
  7 rats
100 creatures vanquished.

Notes
Turn   | Place    | Note
-------+----------+-------------------------------------------
     0 | D:1      | Mrkan the Merfolk Monk began the quest for the Orb.
     0 | D:1      | Reached XP level 1. HP: 18/18 MP: 2/2
   144 | D:1      | Reached XP level 2. HP: 4/24 MP: 3/3
   660 | D:1      | Reached skill level 5 in Polearms
   886 | D:1      | Reached XP level 3. HP: 27/29 MP: 2/4
  1917 | D:2      | Reached XP level 4. HP: 26/37 MP: 3/5
  2032 | D:2      | Found a bloodstained altar of Trog.
  2041 | D:2      | Found a shimmering altar of Xom.
  2045 | D:2      | Found a hazy altar of Hepliaklqana.
  2045 | D:2      | Found a snail-covered altar of Cheibriados.
  2061 | D:2      | Became a worshipper of Trog the Wrathful
  2061 | D:2      | Reached * piety under Trog
  2061 | D:2      | Reached ** piety under Trog
  2406 | D:2      | Found a burning altar of Makhleb.
  2502 | D:2      | Reached skill level 6 in Polearms
  2662 | D:3      | Found a glowing drain.
  2713 | D:3      | Reached XP level 5. HP: 26/42 MP: 4/6
  3140 | D:3      | Reached skill level 5 in Dodging
  3330 | D:3      | Found a faded altar of an unknown god.
  3683 | D:3      | Reached *** piety under Trog
  3846 | D:4      | Reached XP level 6. HP: 26/48 MP: 3/7
  3956 | D:4      | Reached skill level 7 in Polearms
  4504 | D:4      | Noticed Sigmund
  4520 | D:4      | Killed Sigmund
  4520 | D:4      | Reached skill level 8 in Polearms
  4520 | D:4      | Reached XP level 7. HP: 55/55 MP: 6/8
  5441 | D:4      | Reached skill level 5 in Fighting
  5541 | D:4      | Found a blossoming altar of Fedhas.
  5835 | D:5      | Entered Level 5 of the Dungeon
  5837 | D:5      | Found Felisych's Weapon Boutique.
  6064 | D:5      | Killed from afar by an orc priest

Skill      XL: |  1  2  3  4  5  6  7 |
---------------+----------------------+-----
Polearms       | 5 6 8 |  8.5
Stealth        | 3 4 |  4.9
Fighting       | 4 5 |  5.1
Dodging        | 5 6 |  6.1
Invocations    | |  2.1

Action                   |  1- 3 |  4- 6 |  7- 9 || total
-------------------------+-------+-------+-------++-------
Melee: Spear             |   151 |   382 |   297 ||   830
Invok: Berserk           |       |     3 |     1 ||     4
  Use: Scroll            |       |     4 |       ||     4
 Stab: Sleeping          |     7 |     1 |     1 ||     9
  Eat: Chunk             |     3 |     7 |     3 ||    13
       Ration            |       |     1 |     1 ||     2
Armor: Robe              |    18 |       |       ||    18
       Ring mail         |    19 |    82 |    58 ||   159
Dodge: Dodged            |   114 |   197 |   139 ||   450
